 Dungeon Crawl Stone Soup version 0.17.0-24-gcfadda4 (webtiles) character file.

4 ololoev the Firebug (level 1, -1/11 HPs)
             Began as an Octopode Fire Elementalist on Nov 16, 2015.
             Slain by a goblin (3 damage)
             ... on level 1 of the Dungeon.
             The game lasted 00:00:17 (106 turns).

ololoev the Firebug (Octopode Fire Elementalist)     Turns: 106, Time: 00:00:17

Health: -1/11      AC:  1    Str:  7    XL:     1   Next: 70%
Magic:  1/3        EV: 12    Int: 17    God:
Gold:   16         SH:  0    Dex: 12    Spells: 1 memorised, 3 levels left

rFire  . . .     SeeInvis .     (no weapon)
rCold  . . .     Clarity  .     (no shield)
rNeg   . . .     SustAt   .     (helmet restricted)
rPois  .         Gourm    .     (no amulet)
rElec  .         Spirit   .     (no ring)
rCorr  .         Warding  .     (no ring)
rMut   .         Stasis   .     (no ring)
MR     .....                    (no ring)
Stlth  +++.......               (no ring)
                                (no ring)
                                (no ring)
                                (no ring)

@: very slightly contaminated, not resistant to hostile enchantments, fairly
stealthy
A: almost no armour, amphibious, 8 rings, constrict 8, camouflage 1, gelatinous
body 1
a: no special abilities


Innate Abilities, Weirdness & Mutations

You cannot wear most types of armour.
You are amphibious.
You can wear up to eight rings at the same time.
You can use your tentacles to constrict eight enemies at once.
Your skin changes colour to match your surroundings (Stealth).
Your rubbery body absorbs attacks (AC +1).

Inventory:

Scrolls
 d - a scroll of teleportation {unknown}
 e - a scroll of identify {unknown}
 f - a scroll of magic mapping {unknown}
 g - a scroll of blinking {unknown}
Potions
 c - a potion of heal wounds {unknown}
Books
 a - a book of Flames

   Spells                             Type                      Level
   a - Flame Tongue                   Conjuration/Fire             1
   b - Throw Flame                    Conjuration/Fire             2
   c - Conjure Flame                  Conjuration/Fire             3
   d - Inner Flame                    Hexes/Fire                   3
   e - Sticky Flame                   Conjuration/Fire             4
   f - Fireball                       Conjuration/Fire             5
Comestibles
 b - a bread ration


   Skills:
 - Level 2.0 Dodging
 - Level 2.6 Stealth
 + Level 2.0 Spellcasting
 * Level 1.5 Conjurations
 + Level 3.1 Fire Magic


You had 3 spell levels left.
You knew the following spells:

 Your Spells              Type           Power        Failure   Level  Hunger
a - Flame Tongue          Conj/Fire      #....        10%         1    #......


You were on level 1 of the Dungeon.
You were not hungry.

You visited 1 branch of the dungeon, and saw 1 of its levels.

You collected 16 gold pieces.

. #....######## .
..##...........# .
...............# .
.....##.......# #. .
..............#####.
..#######...#...........
.........(..#...........
#.....).†..##...........
#.....g@...##...........
......)....###..........
$....K..................
.......####.##.........#
#..g... #.##.........#
#...... #.##.........#
##.#### #.##.........#
#. #........#####
#........#

Notes
Turn   | Place    | Note
--------------------------------------------------------------
     0 | D:1      | ololoev the Octopode Fire Elementalist began the quest for the Orb.
     0 | D:1      | Reached XP level 1. HP: 11/11 MP: 3/3
   106 | D:1      | Slain by a goblin

Dungeon Overview and Level Annotations

Branches:
Dungeon (1/15)

Altars:


Message History

The kobold shouts!
Your grab misses the goblin. The goblin hits you but does no damage.
You miss the goblin. Your grab misses the goblin. The goblin hits you.
A goblin comes into view. It is wielding a club.
You completely miss the kobold.
The goblin shouts!
You grab the kobold. You constrict the kobold.
The kobold struggles to escape constriction.
The goblin misses you.
You tentacle-slap the kobold.
The kobold is heavily wounded.
You constrict the kobold.
You kill the kobold!
The goblin hits you. The kobold hits you with a dagger.
You are too injured to fight recklessly!
You are too injured to fight recklessly!
You are too injured to fight recklessly!
You are too injured to fight recklessly!
You are too injured to fight recklessly!
You are too injured to fight recklessly!
You are too injured to fight recklessly!
There are monsters nearby!
Casting: Flame Tongue
Confirm with . or Enter, or press ? or * to list all spells.
Aiming: Flame Tongue
Press: ? - help, Shift-Dir - straight line, f - kobold
Aim: a kobold, wielding a dagger You miscast Flame Tongue.
You are very lightly contaminated with residual magic.
Wisps of smoke drift from your tentacles.
The goblin hits you. The kobold hits you with a dagger.
Casting: Flame Tongue
Confirm with . or Enter, or press ? or * to list all spells.
Aiming: Flame Tongue
Press: ? - help, Shift-Dir - straight line, f/p - kobold
Aim: a kobold, wielding a dagger The flame tongue hits the kobold.
You kill the kobold!
The goblin hits you.
You die...

You could see 2 goblins and a kobold.

Vanquished Creatures
  3 kobolds (D:1)
  A giant newt (D:1)
  A goblin (D:1)
5 creatures vanquished.

Action                   || total
-------------------------++-------
Melee: Unarmed           ||    11
 Cast: Flame Tongue      ||     1
 Stab: Sleeping          ||     1

Vault maps used:
D:1:      dpeg_arrival_shrine
